[Event "FIDE WYCC Girls U18 2023"]
[Site "Montesilvano"]
[Date "2023.11.15"]
[Round "3.14"]
[White "Tikvesli, Ceylin"]
[Black "Voriskova, Anna"]
[Result "0-1"]
[ECO "B30"]
[WhiteElo "1736"]
[BlackElo "2065"]
[Annotator "NA"]
[PlyCount "154"]
[EventDate "2023.11.13"]
[EventType "swiss"]
[EventCountry "ITA"]
[SourceTitle "playchess.com"]
[Source "ChessBase"]
[SourceQuality "1"]
[TimeControl "40/5400+30:1800+30"]

1. e4 c5 2. Nf3 Nc6 3. Bb5 e6 4. O-O Nge7 5. Re1 a6 6. Bf1 d6 7. c3 g6 8. d4 cxd4 9. cxd4 Bg7 10. Nc3 O-O 11. Be3 d5 12. e5 Nf5 13. Bd3 Nxe3 14. fxe3 b5 15. Rc1 Bb7 16. Ne2 Rc8 17. Nf4 Qb6 18. Bb1 Rc7 19. Qd2 Rfc8 20. Nd3 Bf8 21. Nc5 Na5 22. b4 Nc4 23. Qc3 a5 24. a3 axb4 25. axb4 Ra8 26. Nd2 Ra3 27. Ndb3 Bh6 28. Re2 Bc8 29. Rf1 Rca7 30. e4 Qd8 31. Qh3 Bg5 32. exd5 Qxd5 33. Be4 Qd8 34. Bc6 Nd2 35. Rfe1 Nxb3 36. Nxb3 Qb6 37. Qf3 Bb7 38. Rc2 Bxc6 39. Rxc6 Qb7 40. Rc3 Qxf3 41. Rxf3 Rc7 42. Na5 Rxf3 43. gxf3 Bd2 44. Rb1 Be3+ 45. Kg2 Bxd4 46. f4 Kg7 47. Rb3 Bb6 48. Kf3 Rc2 49. Kg3 Rc7 50. Kf3 h6 51. h4 h5 52. Rd3 Rc2 53. Rd6 Bf2 54. Nc6 Bxh4 55. Nd4 Rc3+ 56. Kg2 Rc4 57. Rd7 Rxb4 58. Nxe6+ Kg8 59. Nd4 Rb2+ 60. Kh3 Bf2 61. Nf3 Rb4 62. f5 gxf5 63. Kg2 Be3 64. Rd3 f4 65. Ng5 Rb1 66. Kf3 b4 67. Rd7 b3 68. Ke4 Rg1 69. Kf5 b2 70. Kf6 Rxg5 71. Rd8+ Kh7 72. Rb8 Rg2 73. Kxf7 f3 74. e6 f2 75. e7 f1=Q+ 76. Ke6 Qc4+ 77. Kd7 Qd5+ 0-1

[Event "FIDE WYCC Girls U18 2023"]
[Site "Montesilvano"]
[Date "2023.11.15"]
[Round "3.15"]
[White "Liu, Kelsey"]
[Black "Egger, Stefanie"]
[Result "1-0"]
[ECO "B47"]
[WhiteElo "2051"]
[BlackElo "1784"]
[Annotator "NA"]
[PlyCount "79"]
[EventDate "2023.11.13"]
[EventType "swiss"]
[EventCountry "ITA"]
[SourceTitle "playchess.com"]
[Source "ChessBase"]
[SourceQuality "1"]
[TimeControl "40/5400+30:1800+30"]

1. e4 c5 2. Nf3 e6 3. d4 cxd4 4. Nxd4 Nc6 5. Nc3 Qc7 6. Ncb5 Qb8 7. Bd3 a6 8. Nxc6 dxc6 9. Nc3 e5 10. Be3 b5 11. a4 Nf6 12. O-O Ng4 13. Bg5 Be7 14. Bxe7 Kxe7 15. axb5 axb5 16. Rxa8 Qxa8 17. Bxb5 Rd8 18. Bd3 Be6 19. b3 Qa7 20. Na4 Nf6 21. Qc1 Qd4 22. Qa3+ Ke8 23. Nc5 Bc8 24. Qa5 Nd7 25. Na4 Nf6 26. Qc7 Qd6 27. Qb6 Nd7 28. Qa5 Qd4 29. h3 Nf6 30. Re1 Be6 31. Nc5 Bc8 32. Bc4 Qd6 33. Nd3 Be6 34. Nxe5 Bxc4 35. Nxc4 Qd4 36. e5 Ne4 37. Rxe4 Qxe4 38. Nd6+ Rxd6 39. exd6 Qd4 40. Qe1+ 1-0

[Event "FIDE WYCC Girls U18 2023"]
[Site "Montesilvano"]
[Date "2023.11.15"]
[Round "3.16"]
[White "Trifoi, Mihaela-Ioana"]
[Black "Soares, Sara Joana De Moura "]
[Result "1-0"]
[ECO "C02"]
[WhiteElo "2021"]
[BlackElo "1772"]
[Annotator "NA"]
[PlyCount "81"]
[EventDate "2023.11.13"]
[EventType "swiss"]
[EventCountry "ITA"]
[SourceTitle "playchess.com"]
[Source "ChessBase"]
[SourceQuality "1"]
[TimeControl "40/5400+30:1800+30"]

1. e4 e6 2. d4 d5 3. e5 c5 4. c3 Nc6 5. Nf3 Qb6 6. a3 f6 7. Bd3 fxe5 8. dxe5 g6 9. O-O Bg7 10. Re1 Nh6 11. c4 d4 12. Qc2 Qc7 13. h4 Nf7 14. Bf4 b6 15. Qe2 Bb7 16. Nbd2 Ne7 17. Ne4 Bxe4 18. Qxe4 Rc8 19. b4 Nd8 20. Bg5 Nf5 21. g4 Ne7 22. Bf6 Nec6 23. b5 Nb8 24. Ng5 Qd7 25. h5 gxh5 26. Nxh7 hxg4 27. Qg6+ Qf7 28. Bxg7 Rxh7 29. Qxh7 Kd7 30. Bf6 Qxh7 31. Bxh7 Nf7 32. Re4 Nh6 33. Kg2 a6 34. Rh1 axb5 35. Rxh6 bxc4 36. Rxg4 b5 37. Rg7+ Kc6 38. Be4+ Kb6 39. Bd8+ Rxd8 40. Rxe6+ Ka5 41. Ra7+ 1-0

[Event "FIDE WYCC Girls U18 2023"]
[Site "Montesilvano"]
[Date "2023.11.15"]
[Round "3.17"]
[White "Dakic, Marta"]
[Black "O'Carroll, Om"]
[Result "1-0"]
[ECO "B56"]
[WhiteElo "2013"]
[BlackElo "1737"]
[Annotator "NA"]
[PlyCount "101"]
[EventDate "2023.11.13"]
[EventType "swiss"]
[EventCountry "ITA"]
[SourceTitle "playchess.com"]
[Source "ChessBase"]
[SourceQuality "1"]
[TimeControl "40/5400+30:1800+30"]

1. e4 c5 2. Nf3 d6 3. d4 cxd4 4. Nxd4 Nf6 5. Nc3 Nc6 6. f3 e5 7. Nb3 Be6 8. Nd5 Be7 9. Be3 O-O 10. c4 a5 11. Qd2 a4 12. Nc1 Bxd5 13. cxd5 Nb8 14. Qb4 Qa5 15. Bd2 Qxb4 16. Bxb4 Na6 17. Ba3 Nd7 18. Bb5 Nac5 19. Bxd7 Nxd7 20. Nd3 f5 21. Rc1 fxe4 22. fxe4 Rac8 23. Ke2 b6 24. Rxc8 Rxc8 25. Rc1 Rxc1 26. Nxc1 Kf7 27. Nd3 Nf6 28. Nf2 Ne8 29. Kd3 Nc7 30. Kc4 b5+ 31. Kb4 Bg5 32. Ka5 Ke7 33. Nd1 Kd7 34. Nc3 Bd2 35. Bb4 Bxc3 36. bxc3 Ne8 37. Kxb5 Nf6 38. Kxa4 Nxe4 39. Kb3 Nd2+ 40. Kc2 Nf1 41. Kd3 Nxh2 42. a4 Ng4 43. a5 Nf6 44. c4 Ne8 45. a6 Nc7 46. a7 h5 47. Ke4 g6 48. c5 dxc5 49. Bxc5 h4 50. Kxe5 Na8 51. Kf6 1-0

[Event "FIDE WYCC Girls U18 2023"]
[Site "Montesilvano"]
[Date "2023.11.15"]
[Round "3.18"]
[White "Skarbarchuk, Tetyana"]
[Black "Tsapaki, Asimenia"]
[Result "1-0"]
[ECO "E11"]
[WhiteElo "2010"]
[BlackElo "1702"]
[Annotator "NA"]
[PlyCount "91"]
[EventDate "2023.11.13"]
[EventType "swiss"]
[EventCountry "ITA"]
[SourceTitle "playchess.com"]
[Source "ChessBase"]
[SourceQuality "1"]
[TimeControl "40/5400+30:1800+30"]

1. d4 Nf6 2. c4 e6 3. Nf3 Bb4+ 4. Nbd2 b6 5. e3 c5 6. Bd3 Bb7 7. O-O Bxd2 8. Bxd2 O-O 9. dxc5 bxc5 10. Bc3 Ne4 11. Bxe4 Bxe4 12. Qd6 Bxf3 13. gxf3 Qg5+ 14. Kh1 Qf5 15. Qg3 g6 16. e4 Qh5 17. Bf6 d5 18. cxd5 exd5 19. exd5 Qxd5 20. Rfd1 Qf5 21. Rd6 Nd7 22. Bc3 Rfe8 23. Kg2 Nb6 24. Rad1 Nc4 25. R6d3 Nb6 26. Qh4 h5 27. Rd6 Rac8 28. Rf6 Qc2 29. Rxf7 Qxc3 30. bxc3 Kxf7 31. Qf4+ Kg7 32. Rd6 Rg8 33. Re6 Kh7 34. Re7+ Rg7 35. Qe5 Rxe7 36. Qxe7+ Kh6 37. Qxa7 Nd5 38. Qd7 Nf4+ 39. Kf1 Rb8 40. Qd1 Kg5 41. Qc1 c4 42. h4+ Kf5 43. Qe1 g5 44. Qe4+ Kf6 45. hxg5+ Kxg5 46. Qe5+ 1-0

[Event "FIDE WYCC Girls U18 2023"]
[Site "Montesilvano"]
[Date "2023.11.15"]
[Round "3.19"]
[White "Largo, Franchesca"]
[Black "Barwinska, Ewa"]
[Result "1-0"]
[ECO "B23"]
[WhiteElo "1658"]
[BlackElo "1974"]
[Annotator "NA"]
[PlyCount "93"]
[EventDate "2023.11.13"]
[EventType "swiss"]
[EventCountry "ITA"]
[SourceTitle "playchess.com"]
[Source "ChessBase"]
[SourceQuality "1"]
[TimeControl "40/5400+30:1800+30"]

1. e4 c5 2. Nc3 a6 3. a4 e6 4. d4 cxd4 5. Qxd4 Nc6 6. Qd2 Bb4 7. Nf3 Nf6 8. Bd3 d5 9. exd5 Nxd5 10. O-O Qa5 11. Rb1 Nxc3 12. bxc3 Bxc3 13. Qf4 O-O 14. Ba3 Qd8 15. Rfd1 e5 16. Bxh7+ Kxh7 17. Rxd8 exf4 18. Rxf8 b5 19. Bc5 Kg6 20. h3 b4 21. Rd1 f6 22. Nd4 Bb7 23. Rxa8 Bxa8 24. Ne6 f3 25. g3 Ne5 26. Nf4+ Kf5 27. Nd5 Bxd5 28. Rxd5 Ke4 29. Rd8 Nc4 30. Rb8 a5 31. Bb6 Be5 32. Rb7 g5 33. Bd8 Kd4 34. Rb5 Kc3 35. Bxa5 Nxa5 36. Rxa5 Kxc2 37. Rb5 b3 38. a5 b2 39. a6 Bd4 40. h4 b1=Q+ 41. Rxb1 Kxb1 42. h5 f5 43. h6 g4 44. h7 f4 45. Kf1 fxg3 46. fxg3 Kc2 47. a7 1-0

[Event "FIDE WYCC Girls U18 2023"]
[Site "Montesilvano"]
[Date "2023.11.15"]
[Round "3.20"]
[White "Blanquet, Camille"]
[Black "Zubova, Darja"]
[Result "1-0"]
[ECO "D26"]
[WhiteElo "1953"]
[BlackElo "1582"]
[Annotator "NA"]
[PlyCount "97"]
[EventDate "2023.11.13"]
[EventType "swiss"]
[EventCountry "ITA"]
[SourceTitle "playchess.com"]
[Source "ChessBase"]
[SourceQuality "1"]
[TimeControl "40/5400+30:1800+30"]

1. d4 d5 2. c4 dxc4 3. Nf3 Nf6 4. e3 e6 5. Bxc4 c5 6. O-O Nc6 7. Qe2 a6 8. Bb3 b5 9. a4 b4 10. Rd1 Be7 11. Nbd2 Na5 12. Bc2 Bb7 13. b3 O-O 14. Bb2 Rc8 15. Qd3 Qc7 16. Rac1 Bxf3 17. gxf3 Qb7 18. e4 g6 19. Bb1 Rfd8 20. Qe3 Nd7 21. e5 Nb6 22. Be4 Nd5 23. Qd3 Qa7 24. Nc4 Nc6 25. Nd6 Bxd6 26. exd6 cxd4 27. Bxd5 exd5 28. Bxd4 Qxd4 29. Qxd4 Nxd4 30. Rxc8 Nxf3+ 31. Kg2 Nh4+ 32. Kh3 Rxc8 33. Kxh4 f6 34. Rxd5 Kf7 35. Rd4 a5 36. Rd5 Rd8 37. f3 Ke6 38. Rxa5 Rxd6 39. Rb5 Rd4+ 40. Kg3 g5 41. Rb6+ Kf5 42. Rb5+ Kg6 43. a5 g4 44. a6 Rd6 45. Ra5 Rd3 46. a7 Rxf3+ 47. Kxg4 Rxb3 48. a8=Q Ra3 49. Qg8+ 1-0

[Event "FIDE WYCC Girls U18 2023"]
[Site "Montesilvano"]
[Date "2023.11.15"]
[Round "3.21"]
[White "Oviedo Acosta, Paula"]
[Black "Follana Albelda, Lucia"]
[Result "1-0"]
[ECO "B94"]
[WhiteElo "1639"]
[BlackElo "1946"]
[Annotator "NA"]
[PlyCount "125"]
[EventDate "2023.11.13"]
[EventType "swiss"]
[EventCountry "ITA"]
[SourceTitle "playchess.com"]
[Source "ChessBase"]
[SourceQuality "1"]
[TimeControl "40/5400+30:1800+30"]

1. e4 c5 2. Nf3 d6 3. d4 cxd4 4. Nxd4 Nf6 5. Nc3 a6 6. Bg5 Nbd7 7. g4 Ne5 8. h3 b5 9. f4 Ng6 10. Bg2 Bb7 11. Bxf6 Nxf4 12. Qf3 Nxg2+ 13. Qxg2 gxf6 14. O-O-O Bh6+ 15. Kb1 Bf4 16. Nce2 Be5 17. Nf5 Qb6 18. g5 Rg8 19. h4 Rg6 20. Rhf1 e6 21. Nh6 f5 22. Ng3 Rd8 23. Qe2 f4 24. Nh5 Qe3 25. Nxf4 Bxf4 26. Qxe3 Bxe3 27. Nxf7 e5 28. Nxd8 Kxd8 29. Rf6 Bc5 30. Rf5 Ke7 31. Re1 Rg7 32. a3 a5 33. Kc1 Bc8 34. Rf6 Bg4 35. Kd2 Bh5 36. c3 a4 37. Rh6 Bg6 38. Re2 Bf7 39. Rg2 Bc4 40. h5 d5 41. g6 hxg6 42. Rhxg6 Rf7 43. Rc6 Bd6 44. Ra6 Kd7 45. exd5 Bxd5 46. Rg6 Be6 47. h6 e4 48. Ra7+ Bc7 49. Rxc7+ Kxc7 50. Rxe6 Rf2+ 51. Ke3 Rxb2 52. Kxe4 Rh2 53. Kf5 Rh3 54. Kg6 Kd7 55. Re5 Rxc3 56. h7 Rc8 57. Rxb5 Kc6 58. Rb4 Kc5 59. Rxa4 Kb5 60. Rh4 Rc6+ 61. Kf7 Rc7+ 62. Ke6 Rc6+ 63. Kd7 1-0

[Event "FIDE WYCC Girls U18 2023"]
[Site "Montesilvano"]
[Date "2023.11.15"]
[Round "3.22"]
[White "Wan, Qian"]
[Black "Sasvatha A"]
[Result "1-0"]
[ECO "D02"]
[WhiteElo "1945"]
[BlackElo "1568"]
[Annotator "NA"]
[PlyCount "125"]
[EventDate "2023.11.13"]
[EventType "swiss"]
[EventCountry "ITA"]
[SourceTitle "playchess.com"]
[Source "ChessBase"]
[SourceQuality "1"]
[TimeControl "40/5400+30:1800+30"]

1. d4 Nf6 2. Nf3 d5 3. Bf4 c5 4. dxc5 Qa5+ 5. Nbd2 Qxc5 6. e3 Nc6 7. a3 a6 8. c4 dxc4 9. Nxc4 b5 10. b4 Qa7 11. Nce5 Bd7 12. Nxd7 Qxd7 13. Qxd7+ Nxd7 14. Rc1 Nd8 15. Bd3 f6 16. Be4 Ra7 17. Bc7 e5 18. Ke2 g6 19. Rhd1 Ne6 20. Ba5 Ke7 21. Rc6 Nb8 22. Rc8 Bg7 23. Rxh8 Bxh8 24. g4 Nd7 25. h4 Ng7 26. Bd5 f5 27. gxf5 Nxf5 28. e4 Ng7 29. Ng5 Nh5 30. Nxh7 Nf4+ 31. Kf3 Nxd5 32. exd5 Bf6 33. Rg1 Kf7 34. Ng5+ Bxg5 35. hxg5 Ra8 36. Rc1 Rh8 37. Rc7 Ke7 38. Rc6 Rh3+ 39. Ke4 Rh4+ 40. Ke3 Rd4 41. Re6+ Kf7 42. Rd6 Nf8 43. f3 Ke7 44. Bc7 Kf7 45. Rf6+ Ke8 46. Bxe5 Rxd5 47. Ke4 Rd1 48. Rxa6 Nd7 49. Bd4 Kf7 50. Rd6 Nf8 51. Rf6+ Ke8 52. Bc5 Re1+ 53. Kd5 Rd1+ 54. Kc6 Nd7 55. Re6+ Kd8 56. Rd6 Rxd6+ 57. Bxd6 Kc8 58. Kxb5 Kb7 59. a4 Nb6 60. a5 Nd5 61. a6+ Ka7 62. Bc5+ Ka8 63. Kc6 1-0

[Event "FIDE WYCC Girls U18 2023"]
[Site "Montesilvano"]
[Date "2023.11.15"]
[Round "3.24"]
[White "Wisniowski, Natalie"]
[Black "Latifah, Darmaki"]
[Result "1-0"]
[ECO "D31"]
[WhiteElo "1901"]
[BlackElo "1367"]
[Annotator "NA"]
[PlyCount "105"]
[EventDate "2023.11.13"]
[EventType "swiss"]
[EventCountry "ITA"]
[SourceTitle "playchess.com"]
[Source "ChessBase"]
[SourceQuality "1"]
[TimeControl "40/5400+30:1800+30"]

1. d4 d5 2. c4 e6 3. Nc3 c6 4. e4 dxe4 5. Nxe4 Bb4+ 6. Nc3 Nf6 7. Nf3 O-O 8. a3 Bxc3+ 9. bxc3 Nbd7 10. Bd3 Qa5 11. Qc2 e5 12. O-O e4 13. Bxe4 Nxe4 14. Qxe4 Qxc3 15. Bg5 Qxc4 16. Be7 Re8 17. Rae1 Nf6 18. Qh4 Nd5 19. Bd6 Bf5 20. Ne5 Qb5 21. Qh5 Bg6 22. Nxg6 fxg6 23. Qf3 Qc4 24. Be5 Qc3 25. Qxc3 Nxc3 26. Re3 Nd5 27. Rb3 b5 28. Rc1 Rac8 29. f4 a5 30. Rc5 Nb6 31. Rb1 Nd5 32. Rbc1 Ne7 33. a4 bxa4 34. Ra1 Nd5 35. Rxa4 Ra8 36. Rcxa5 Rxa5 37. Rxa5 Re7 38. Ra8+ Kf7 39. Rc8 Re6 40. Kf2 Nb6 41. Rc7+ Kf8 42. Bxg7+ Ke8 43. Be5 h5 44. h3 Nd5 45. Rh7 Kf8 46. Rh8+ Kf7 47. g4 hxg4 48. hxg4 Nxf4 49. Bxf4 Re4 50. Be3 Rxg4 51. Rc8 Ke6 52. Rh8 Kf5 53. Kf3 1-0

[Event "FIDE WYCC Girls U18 2023"]
[Site "Montesilvano"]
[Date "2023.11.15"]
[Round "3.25"]
[White "Katter, Katharina"]
[Black "Gavrileva, Anna"]
[Result "1-0"]
[ECO "D45"]
[WhiteElo "1887"]
[BlackElo "1316"]
[Annotator "NA"]
[PlyCount "121"]
[EventDate "2023.11.13"]
[EventType "swiss"]
[EventCountry "ITA"]
[SourceTitle "playchess.com"]
[Source "ChessBase"]
[SourceQuality "1"]
[TimeControl "40/5400+30:1800+30"]

1. d4 d5 2. c4 e6 3. Nf3 c6 4. e3 Nf6 5. Nc3 Nbd7 6. Qc2 Bd6 7. b3 O-O 8. Be2 b6 9. O-O Bb7 10. Bb2 Re8 11. Rfe1 Qe7 12. e4 Nxe4 13. Nxe4 dxe4 14. Qxe4 Nf6 15. Qc2 Rad8 16. Bf1 Qc7 17. c5 Be7 18. Ne5 a5 19. Rac1 Rc8 20. Qd2 Red8 21. cxb6 Qxb6 22. Nc4 Qa7 23. Qxa5 Qxa5 24. Nxa5 Ba8 25. a3 c5 26. dxc5 Bxc5 27. b4 Ba7 28. Bxf6 gxf6 29. Ba6 Rxc1 30. Rxc1 Kg7 31. Nc4 Rd4 32. b5 Be4 33. a4 Bd3 34. Nb2 Be2 35. h3 Rd2 36. Nc4 Rd4 37. Nb2 Rd2 38. Nc4 Rd4 39. Nb2 Rd2 40. Nc4 Rd4 41. b6 Bxb6 42. Nxb6 Bxa6 43. Rc6 e5 44. a5 Rd1+ 45. Kh2 Ra1 46. Rc5 Kg6 47. Nd7 h5 48. Nxe5+ fxe5 49. Rc6+ Kg5 50. Rxa6 Ra3 51. Ra8 f6 52. a6 Kf4 53. a7 f5 54. g4 hxg4 55. hxg4 Ra2 56. gxf5 Rxf2+ 57. Kg1 Ra2 58. f6 Kf3 59. f7 Ra1+ 60. Kh2 Ra2+ 61. Kh3 1-0

[Event "FIDE WYCC Girls U18 2023"]
[Site "Montesilvano"]
[Date "2023.11.15"]
[Round "3.26"]
[White "Gasimova, Samra"]
[Black "Lu, Yun-Ru"]
[Result "1-0"]
[ECO "D35"]
[WhiteElo "1860"]
[BlackElo "1284"]
[Annotator "NA"]
[PlyCount "97"]
[EventDate "2023.11.13"]
[EventType "swiss"]
[EventCountry "ITA"]
[SourceTitle "playchess.com"]
[Source "ChessBase"]
[SourceQuality "1"]
[TimeControl "40/5400+30:1800+30"]

1. d4 d5 2. c4 e6 3. Nc3 Nf6 4. cxd5 exd5 5. Bg5 Be7 6. e3 c6 7. Qc2 O-O 8. Bd3 h6 9. Bh4 Re8 10. Nge2 Qc7 11. Bxf6 Bxf6 12. Nxd5 Qa5+ 13. Ndc3 Na6 14. a3 Nb4 15. Bh7+ Kh8 16. Qb1 Nd5 17. Bd3 Nxc3 18. bxc3 Qc7 19. O-O b6 20. e4 Be6 21. f4 Bg4 22. e5 Be7 23. Ng3 Bh4 24. Ne4 Be7 25. f5 Qd7 26. Nf2 Bf3 27. gxf3 Bf8 28. Qe1 c5 29. Qe4 cxd4 30. e6 Qd6 31. f6 g6 32. e7 dxc3 33. Bb5 Qxf6 34. Bxe8 Rxe8 35. exf8=Q+ Rxf8 36. Ng4 Qh4 37. Qd4+ f6 38. Qd6 Kg7 39. Rae1 h5 40. Re7+ Rf7 41. Rxf7+ Kxf7 42. Qc7+ Kg8 43. Rd1 f5 44. Rd8+ Qxd8 45. Qxd8+ Kf7 46. Qf6+ Ke8 47. Ne5 c2 48. Qf7+ Kd8 49. Qd7# 1-0

[Event "FIDE WYCC Girls U18 2023"]
[Site "Montesilvano"]
[Date "2023.11.15"]
[Round "3.27"]
[White "Ham Corona, Ana Paola"]
[Black "Groeschel, Karoline"]
[Result "0-1"]
[ECO "B23"]
[WhiteElo "1318"]
[BlackElo "1924"]
[Annotator "NA"]
[PlyCount "84"]
[EventDate "2023.11.13"]
[EventType "swiss"]
[EventCountry "ITA"]
[SourceTitle "playchess.com"]
[Source "ChessBase"]
[SourceQuality "1"]
[TimeControl "40/5400+30:1800+30"]

1. e4 c5 2. Nc3 e6 3. Bc4 a6 4. a4 Nf6 5. d3 d5 6. Ba2 h6 7. f4 dxe4 8. Nxe4 Nxe4 9. dxe4 Qxd1+ 10. Kxd1 b6 11. Bb1 Bb7 12. c3 Nc6 13. Nf3 O-O-O+ 14. Ke2 Bd6 15. Be3 e5 16. fxe5 Nxe5 17. Nxe5 Bxe5 18. a5 Kc7 19. axb6+ Kxb6 20. Rf1 Rd7 21. g3 Rhd8 22. Bxc5+ Kxc5 23. Ra5+ Kd6 24. Rd1+ Ke6 25. Ba2+ Kf6 26. Rf1+ Kg6 27. Rxe5 f6 28. Ra5 Rd2+ 29. Ke3 R8d3+ 30. Kf4 Rxh2 31. Bc4 Rd6 32. b3 Kh7 33. Bd5 Bxd5 34. Rxd5 Rc6 35. c4 Rb2 36. Rf3 Rb6 37. Ra5 Kg6 38. g4 Kf7 39. Kf5 R2xb3 40. Rxb3 Rxb3 41. Kf4 g5+ 42. Kf5 Rf3# 0-1

[Event "FIDE WYCC Girls U18 2023"]
[Site "Montesilvano"]
[Date "2023.11.15"]
[Round "3.28"]
[White "Menon, Gauri"]
[Black "Saraci, Rinesa"]
[Result "1-0"]
[ECO "A06"]
[WhiteElo "1821"]
[BlackElo "1481"]
[Annotator "NA"]
[PlyCount "31"]
[EventDate "2023.11.13"]
[EventType "swiss"]
[EventCountry "ITA"]
[SourceTitle "playchess.com"]
[Source "ChessBase"]
[SourceQuality "1"]
[TimeControl "40/5400+30:1800+30"]

1. Nf3 d5 2. c4 Nf6 3. cxd5 Nxd5 4. e4 Nb6 5. Nc3 c5 6. d4 cxd4 7. Nxd4 e5 8. Bb5+ Bd7 9. Ne6 Qc8 10. Nxf8 Rxf8 11. Qd6 f6 12. Be3 Bc6 13. Bxb6 axb6 14. Nd5 Qd7 15. Nc7+ Kd8 16. Ne6+ 1-0

[Event "FIDE WYCC Girls U18 2023"]
[Site "Montesilvano"]
[Date "2023.11.15"]
[Round "3.29"]
[White "Ivanovic, Tara"]
[Black "Hyatt, Jessica"]
[Result "0-1"]
[ECO "C06"]
[WhiteElo "1575"]
[BlackElo "1818"]
[Annotator "NA"]
[PlyCount "62"]
[EventDate "2023.11.13"]
[EventType "swiss"]
[EventCountry "ITA"]
[SourceTitle "playchess.com"]
[Source "ChessBase"]
[SourceQuality "1"]
[TimeControl "40/5400+30:1800+30"]

1. e4 e6 2. d4 d5 3. Nd2 Nf6 4. e5 Nfd7 5. Bd3 c5 6. c3 Nc6 7. Ne2 cxd4 8. cxd4 f6 9. f4 fxe5 10. fxe5 Nxd4 11. Nxd4 Qh4+ 12. g3 Qxd4 13. Nf3 Bb4+ 14. Kf1 Qb6 15. Kg2 Be7 16. Qe2 Nc5 17. Be3 Qd8 18. Bb5+ Bd7 19. Rac1 Ne4 20. Nd4 O-O 21. Bxd7 Qxd7 22. Qg4 Bc5 23. Rhe1 Bxd4 24. Bxd4 Rf5 25. Re2 h5 26. Qh4 Qb5 27. Rec2 Qd3 28. Qe7 Qf3+ 29. Kg1 Ng5 30. h4 Qxg3+ 31. Rg2 Nf3+ 0-1

[Event "FIDE WYCC Girls U18 2023"]
[Site "Montesilvano"]
[Date "2023.11.15"]
[Round "3.30"]
[White "Alexandrova, Angelina"]
[Black "Galli, Maria Vittoria"]
[Result "1-0"]
[ECO "E67"]
[WhiteElo "1814"]
[BlackElo "1452"]
[Annotator "NA"]
[PlyCount "121"]
[EventDate "2023.11.13"]
[EventType "swiss"]
[EventCountry "ITA"]
[SourceTitle "playchess.com"]
[Source "ChessBase"]
[SourceQuality "1"]
[TimeControl "40/5400+30:1800+30"]

1. d4 Nf6 2. Nf3 g6 3. g3 Bg7 4. Bg2 O-O 5. O-O d6 6. c4 Nbd7 7. Nc3 e5 8. dxe5 Nxe5 9. Nxe5 dxe5 10. Qb3 c6 11. Rd1 Qc7 12. Bg5 Be6 13. a4 a5 14. Be3 Qe7 15. Na2 Rab8 16. Bb6 Nd7 17. Bxa5 b6 18. Bb4 c5 19. Be1 f5 20. Bd5 Bxd5 21. cxd5 Qd6 22. Nc3 Nf6 23. Nb5 Qd7 24. Bc3 Ne4 25. d6+ Kh8 26. Qd5 Nxc3 27. bxc3 e4 28. Ra2 Ra8 29. e3 Rad8 30. c4 Ra8 31. a5 bxa5 32. Qxc5 Rfc8 33. Nc7 Rab8 34. Qxa5 Bf8 35. c5 Rb7 36. Qa4 Rbxc7 37. dxc7 Qxa4 38. Rxa4 Rxc7 39. Ra8 Kg7 40. c6 Rxc6 41. Rd7+ Kg8 42. Kg2 h6 43. h3 Rf6 44. Raa7 g5 45. Rd4 Bc5 46. Rd8+ Bf8 47. Ra4 h5 48. g4 hxg4 49. hxg4 Kg7 50. gxf5 Rxf5 51. Rxe4 Bc5 52. Ra4 Kg6 53. Ra6+ Kf7 54. Rd7+ Be7 55. Raa7 Re5 56. Kg3 Kf6 57. Rxe7 Rxe7 58. Rxe7 Kxe7 59. Kg4 Kf6 60. e4 Ke5 61. Kxg5 1-0

[Event "FIDE WYCC Girls U18 2023"]
[Site "Montesilvano"]
[Date "2023.11.15"]
[Round "3.31"]
[White "Keerti Shree Reddy"]
[Black "Stagno, Milena"]
[Result "1-0"]
[ECO "B74"]
[WhiteElo "1741"]
[BlackElo "1444"]
[Annotator "NA"]
[PlyCount "91"]
[EventDate "2023.11.13"]
[EventType "swiss"]
[EventCountry "ITA"]
[SourceTitle "playchess.com"]
[Source "ChessBase"]
[SourceQuality "1"]
[TimeControl "40/5400+30:1800+30"]

1. e4 c5 2. Nf3 Nc6 3. d4 cxd4 4. Nxd4 g6 5. Nc3 Bg7 6. Be3 Nf6 7. Be2 O-O 8. Nb3 d6 9. O-O Be6 10. f4 Qd7 11. Qe1 Ng4 12. Bxg4 Bxg4 13. f5 gxf5 14. h3 Bxh3 15. gxh3 fxe4 16. Qh4 Kh8 17. Nxe4 Qe6 18. Rae1 Qg6+ 19. Kh1 d5 20. Ng5 Bxb2 21. Bd4+ Bxd4 22. Nxd4 f6 23. Nge6 Rg8 24. Rg1 Qf7 25. Nxc6 bxc6 26. Nd4 c5 27. Nf5 Rxg1+ 28. Rxg1 Rg8 29. Rxg8+ Qxg8 30. Nxe7 Qe6 31. Ng6+ Kg7 32. Qxh7+ Kxh7 33. Nf8+ Kh6 34. Nxe6 c4 35. Kg2 Kg6 36. Nf4+ Kf5 37. Nxd5 Ke5 38. Ne3 Kd4 39. Kf3 Kc3 40. h4 Kb4 41. h5 c3 42. h6 Ka3 43. h7 a5 44. h8=Q a4 45. Nd1 Kxa2 46. Nxc3+ 1-0

[Event "FIDE WYCC Girls U18 2023"]
[Site "Montesilvano"]
[Date "2023.11.15"]
[Round "3.32"]
[White "Nielsen-Refs, Ingrid Elmer"]
[Black "Changkachith, Alyssa"]
[Result "0-1"]
[ECO "D35"]
[WhiteElo "1676"]
[BlackElo "1147"]
[Annotator "NA"]
[PlyCount "170"]
[EventDate "2023.11.13"]
[EventType "swiss"]
[EventCountry "ITA"]
[SourceTitle "playchess.com"]
[Source "ChessBase"]
[SourceQuality "1"]
[TimeControl "40/5400+30:1800+30"]

1. d4 d5 2. c4 e6 3. Nc3 Nf6 4. cxd5 exd5 5. Bg5 Be7 6. Nf3 Be6 7. e3 h6 8. Bh4 Nh5 9. Bxe7 Qxe7 10. Bd3 Nd7 11. Qb3 Nb6 12. Rc1 c6 13. O-O O-O 14. Qc2 Nf6 15. Nd2 Rac8 16. Nb3 Nbd7 17. Qd2 Rfd8 18. Rfe1 c5 19. dxc5 Nxc5 20. Nxc5 Rxc5 21. Nb5 a6 22. Nd4 Rdc8 23. Nxe6 Qxe6 24. Rxc5 Rxc5 25. Qb4 Qc6 26. Qd2 Ne4 27. Qd1 Qb6 28. Re2 Qc6 29. Rc2 Rxc2 30. Qxc2 Qxc2 31. Bxc2 Kf8 32. Bb3 Nf6 33. Kf1 Ke7 34. Ke2 Kd6 35. f3 Nd7 36. Kd2 f6 37. Kc3 Kc5 38. Bc2 Ne5 39. b3 Nc6 40. a3 a5 41. Bg6 b5 42. Be8 b4+ 43. Kb2 Ne5 44. axb4+ axb4 45. Kc2 d4 46. exd4+ Kxd4 47. Kd2 Nd3 48. Bb5 Nf4 49. Bf1 Nd5 50. Be2 Ne3 51. g3 g5 52. Bd3 h5 53. Be2 h4 54. g4 Nd5 55. Bc4 Nf4 56. Bf1 Nd5 57. Be2 Ne3 58. Bb5 Nd5 59. Be2 Ne7 60. Bd3 Ke5 61. Ke3 Nd5+ 62. Kd2 Kf4 63. Be4 Ne3 64. Ke2 f5 65. gxf5 Nxf5 66. Bd5 Nd4+ 67. Kf2 h3 68. Bb7 Nxb3 69. Bd5 Nd4 70. Bb7 b3 71. Bd5 b2 72. Ba2 Nxf3 73. Bb1 Nxh2 74. Kg1 Nf3+ 75. Kh1 Nd2 76. Bd3 b1=Q+ 77. Bxb1 Nxb1 78. Kh2 g4 79. Kh1 Nd2 80. Kh2 Kf3 81. Kg1 Kg3 82. Kh1 Ne4 83. Kg1 h2+ 84. Kf1 h1=Q+ 85. Ke2 Qf3+ 0-1

[Event "FIDE WYCC Girls U18 2023"]
[Site "Montesilvano"]
[Date "2023.11.15"]
[Round "3.33"]
[White "Yim, Jay"]
[Black "Swara Lakshmi S Nair"]
[Result "1/2-1/2"]
[ECO "B52"]
[WhiteElo "1310"]
[BlackElo "1659"]
[Annotator "NA"]
[PlyCount "140"]
[EventDate "2023.11.13"]
[EventType "swiss"]
[EventCountry "ITA"]
[SourceTitle "playchess.com"]
[Source "ChessBase"]
[SourceQuality "1"]
[TimeControl "40/5400+30:1800+30"]

1. e4 c5 2. Nf3 d6 3. Bb5+ Bd7 4. c4 a6 5. Bxd7+ Qxd7 6. Nc3 Nc6 7. O-O g6 8. d3 Bg7 9. Rb1 e6 10. a3 Nge7 11. Re1 O-O 12. Bf4 Rad8 13. Na4 b5 14. Nc3 Nd4 15. Nxd4 cxd4 16. Ne2 Rc8 17. Rc1 f5 18. cxb5 Rxc1 19. Qxc1 axb5 20. Qd2 Rc8 21. Rc1 fxe4 22. dxe4 e5 23. Bg5 Rc5 24. Qd3 Nc8 25. Bd2 Qc6 26. f3 Nb6 27. Kf2 Kf8 28. Qb3 Rc4 29. Qd1 Rxc1 30. Nxc1 Ke7 31. Nd3 Kd7 32. Bb4 Nc4 33. Qc1 Ne3 34. Qxc6+ Kxc6 35. Bd2 Nc4 36. Nb4+ Kc5 37. Nd3+ Kb6 38. Bc1 Na5 39. Nb4 Nc6 40. Nd5+ Kb7 41. Ke2 Kc8 42. Bd2 Kd7 43. Kd3 h6 44. b3 Ne7 45. a4 Nxd5 46. exd5 bxa4 47. bxa4 Kc7 48. Ba5+ Kb7 49. Bb4 Bf8 50. Kc4 Kb6 51. h4 Be7 52. g3 h5 53. Bd2 Ka6 54. Bb4 Kb6 55. Be1 Ka6 56. g4 Bd8 57. Bg3 Ka5 58. g5 Kxa4 59. f4 exf4 60. Bxf4 Bc7 61. Kxd4 Kb5 62. Bg3 Kb4 63. Be1+ Kb3 64. Kd3 Bb6 65. Bg3 Bc5 66. Be1 Bb6 67. Bg3 Bc5 68. Be1 Bb6 69. Bg3 Bc5 70. Be1 Bb6 1/2-1/2